Map: Blueshift LE

Players

INject - Winner!

  • Race: Terran Terran
  • League: Platinum
  • Spawn Location: 7:00

A.I. 1 (Medium)

  • Race: Zerg Zerg
  • Spawn Location: 1:00

VOD

Have the link to the VOD?

Description

tvz hellbat

Time

  • Played on: Oct. 20, 2018, 6:40 p.m.
  • Length: 8:27
Show
View Real Time Build Order
Export as new Build Order

INject Terran - Winner!

Build Orders: Reaper Expand 

Get SALT Encoding   

  12  0:00  SCV  
  13  0:13  SCV  
  14  0:17  Supply Depot  
  14  0:25  SCV  
  14  0:27  Refinery  
  15  0:38  SCV  
  16  0:45  Barracks  
  16  0:50  SCV  
  17  1:03  SCV  
  18  1:15  SCV  
  19  1:32  Orbital Command  
  19  1:33  Reaper  
  20  1:47  Command Center  
  20  1:59  SCV  
  21  2:02  Factory  
  21  2:09  Barracks Reactor  
  21  2:12  Supply Depot  
  21  2:14  SCV  
  22  2:19  Refinery  
  22  2:25  Bunker  
  22  2:31  SCV  
  23  2:43  SCV  
  24  2:49  Starport  
  24  2:55  Hellion x2, SCV  
  29  2:59  Marine  
  30  3:08  Orbital Command  
  30  3:16  Hellion  
  30  3:19  Barracks Tech Lab  
  32  3:22  SCV  
  32  3:25  Medivac  
  35  3:32  Supply Depot  
  35  3:34  SCV  
  36  3:46  SCV  
  36  3:48  Barracks  
  37  3:49  SCV  
  37  3:51  Marine x2  
  37  3:54  Supply Depot  
  42  3:55  Hellion  
  42  3:59  Medivac  
  42  4:00  SCV  
  45  4:06  SCV  
  45  4:09  Marine  
  47  4:12  Armory  
  47  4:15  Marine  
  48  4:19  Hellion  
  48  4:22  Supply Depot  
  50  4:24  SCV  
  50  4:27  Marine  
  52  4:33  Marine  
  52  4:34  SCV  
  52  4:35  Marine, Stimpack  
  55  4:44  SCV  
  55  4:45  Marine  
  57  4:51  Marine  
  58  4:53  Marine  
  58  4:55  Medivac  
  58  4:57  Hellion  
  58  4:59  Supply Depot, Refinery  
  63  5:03  Marine  
  63  5:05  SCV, Engineering Bay  
  65  5:09  Marine, SCV  
  65  5:11  Marine  
  68  5:17  SCV  
  68  5:20  Marine  
  70  5:23  Supply Depot, Factory Tech Lab  
  70  5:27  Marine  
  71  5:29  Marine  
  71  5:31  SCV  
  71  5:33  SCV  
  71  5:35  Supply Depot  
  74  5:38  Marine  
  74  5:39  Terran Infantry Weapons Level 1  
  75  5:42  Starport Reactor  
  75  5:43  SCV, Barracks  
  75  5:47  SCV, Marauder  
  79  5:54  Marine  
  79  5:55  SCV  
  79  5:56  Marine  
  82  6:00  SCV  
  79  6:15  SCV  
  80  6:18  Command Center  
  80  6:21  SCV  
  81  6:29  Marine x2  
  81  6:30  Marauder, SCV  
  84  6:33  SCV  
  84  6:37  Supply Depot  
  84  6:38  Supply Depot  
  84  6:39  Refinery  
  86  6:40  Medivac x2  
  86  6:41  Siege Tank  
  92  6:47  Marine, Barracks Reactor  
  92  6:52  Barracks  
  92  6:53  SCV  
  94  6:55  Supply Depot  
  94  6:58  Marine  
  94  6:59  Marauder, Supply Depot  
  97  7:13  Marine, Siege Tank  
  101  7:18  SCV, Marine  
  101  7:20  Marauder  
  103  7:31  Marine  
  103  7:34  Marine x2  
  103  7:35  Medivac x2  
  103  7:36  Marine  
  111  7:37  Orbital Command  
  111  7:41  Marauder  
  111  7:43  Sensor Tower  
  113  7:48  Barracks Tech Lab  
  113  7:49  Marine  
  114  7:53  Marine  
  111  8:03  Marauder  
  108  8:07  Marine  
Show
View Real Time Build Order
Export as new Build Order

A.I. 1 (Medium) Zerg 

Build Orders: Hatch First 

Get SALT Encoding   

  12  0:00  Drone  
  13  0:12  Overlord  
  13  0:16  Drone  
  14  0:31  Drone  
  14  0:33  Drone  
  16  0:36  Drone  
  17  0:54  Hatchery  
  17  0:56  Drone  
  17  1:10  Spawning Pool  
  16  1:12  Drone  
  16  1:16  Drone  
  18  1:19  Extractor  
  18  1:21  Drone  
  18  1:27  Overlord  
  18  1:59  Queen, Zergling x4  
  18  2:00  Roach Warren  
  18  2:01  Drone  
  22  2:02  Extractor  
  22  2:06  Drone  
  22  2:40  Overlord, Roach  
  22  2:41  Roach  
  22  2:42  Roach x2  
  30  2:45  Drone  
  31  2:55  Drone  
  31  2:58  Drone  
  33  3:03  Lair  
  34  3:20  Drone, Extractor  
  34  3:24  Drone  
  34  3:27  Drone  
  34  3:30  Drone  
  36  3:38  Overlord  
  36  3:43  Drone  
  37  3:53  Drone  
  37  3:54  Ravager  
  39  3:58  Drone  
  39  4:00  Drone  
  41  4:04  Drone  
  41  4:05  Hydralisk Den  
  41  4:08  Drone  
  42  4:14  Overlord  
  43  4:17  Drone  
  43  4:20  Drone  
  43  4:23  Drone  
  45  4:26  Drone  
  45  4:29  Drone  
  47  4:32  Drone  
  47  4:34  Drone  
  47  4:36  Hydralisk  
  47  4:37  Drone  
  52  4:41  Overlord  
  52  4:43  Drone  
  53  4:46  Drone  
  53  4:49  Drone  
  53  4:52  Drone  
  56  4:58  Drone  
  56  4:59  Roach  
  59  5:08  Overlord  
  59  5:10  Drone  
  60  5:16  Overseer  
  60  5:17  Overseer  
  60  5:19  Roach, Ravager x2  
  64  5:27  Drone  
  65  5:29  Overlord, Baneling Nest  
  65  5:31  Drone  
  65  5:34  Drone  
  66  5:38  Hydralisk  
  66  5:39  Evolution Chamber  
  66  5:40  Drone  
  66  5:42  Spore Crawler  
  66  5:43  Drone  
  66  5:46  Drone  
  66  5:47  Spore Crawler  
  66  5:49  Overlord, Drone  
  68  5:52  Drone  
  68  5:55  Drone  
  70  6:00  Spore Crawler  
  70  6:02  Spore Crawler  
  70  6:03  Drone  
  69  6:05  Zergling x2  
  69  6:09  Queen  
  58  6:13  Drone  
  58  6:16  Drone  
  58  6:18  Zergling x2  
  53  6:25  Zergling x2  
  54  6:28  Drone  
  54  6:31  Drone  
  48  6:34  Drone  
  48  6:38  Drone  
  38  6:45  Roach  
  33  6:47  Spine Crawler  
  29  6:56  Zergling x2  
  29  6:59  Queen  
  30  7:07  Zergling x2  
  28  7:17  Zergling x2  
  28  7:18  Drone  
  28  7:20  Drone  
  25  7:23  Drone  
  25  7:29  Drone  
  8  7:40  Roach  
  7  7:51  Drone, Spawning Pool  
Tags
 
Add a new tag
Caveats
  • Supply blocks, unpowered buildings, or Contaminate may cause inaccurate times.
  • Supply counts are checked every 10 seconds.